AoeStats
← JawolopingChris

MegaRandom

510027171Analyzed
4v4 RM · 5d ago on Sep 29, 2026· 34m 4s· 8 players
Game mode
Random Map
Map size
Large (8 player)
Population
200
Speed
Normal
Resources
Standard
Victory
Conquest
Starting age
Dark Age
Ending age
Imperial Age
RankedLock teamsTeams togetherTeam positionsShared explorationLock speedFull tech treeHidden civsTurbo modeCheats
Victory
Defeat
🇨🇦 Varangians · Canada
1628
+10
🇺🇸 Danes · United States
1567
+13
🇺🇸 Danes · United States
1473
+17
🇺🇸 Saxons · United States
1424
+20
🇨🇴 Mongols · Colombia
1608
-19
🇲🇽 Maya · Mexico
1555
-17
🇦🇷 Varangians · Argentina
1547
-17
🇦🇷 Teutons · Argentina
1264
-7
Phoenix Oath
8:58 Feudal Age
8:58 Man-at-Arms
10:04 Loom
10:13 Double-Bit Axe
11:30 Arson
12:49 Horse Collar
19:15 Castle Age
18:08 Scale Mail Armor
18:52 Forging
19:09 Fletching
20:43 Bodkin Arrow
28:28 Ballistics
28:51 Padded Archer Armor
30:02 Leather Archer Armor
30:16 Bloodlines
31:21 Husbandry
Drachken
7:21 Loom
9:34 Feudal Age
11:09 Double-Bit Axe
11:41 Horse Collar
19:33 Castle Age
19:33 Stone Mining
22:29 Scale Mail Armor
22:39 Forging
22:56 Fletching
23:42 Gold Mining
24:37 Chain Mail Armor
26:58 Bow Saw
27:52 Heavy Plow
32:01 Wheelbarrow
31:12 Town Watch
32:57 Bodkin Arrow
33:24 Crossbowman
34:10 Thumb Ring
34:09 Padded Archer Armor
34:40 Ballistics
JawolopingChris
7:39 Loom
10:03 Feudal Age
10:12 Man-at-Arms
15:04 Arson
20:51 Castle Age
20:00 Scale Mail Armor
23:19 Chain Mail Armor
26:51 Gambesons
27:56 Squires
28:31 Forging
28:43 Double-Bit Axe
31:03 Iron Casting
31:37 Wheelbarrow
31:25 Horse Collar
randy pan
6:59 Loom
9:58 Feudal Age
10:28 Double-Bit Axe
10:29 Horse Collar
14:37 Town Watch
15:11 Forging
16:20 Scale Barding Armor
16:59 Bloodlines
24:17 Castle Age
22:15 Gold Mining
25:20 Chain Barding Armor
24:21 Light Cavalry
29:12 Wheelbarrow
29:19 Bow Saw
31:41 Coinage
Lolokoil
7:29 Loom
10:06 Feudal Age
11:01 Double-Bit Axe
13:17 Fletching
15:21 Padded Archer Armor
25:08 Castle Age
BoxStars
3:57 Loom
6:07 Loom
10:26 Feudal Age
12:01 Horse Collar
12:08 Double-Bit Axe
16:49 Arson
19:10 Stone Mining
19:27 Horse Collar
21:15 Wheelbarrow
21:10 Gold Mining
22:10 Fletching
28:04 Castle Age
Rabanito
6:33 Loom
8:38 Feudal Age
14:34 Horse Collar
14:47 Double-Bit Axe
17:26 Horse Collar
20:11 Bloodlines
Chorizo
7:45 Loom
11:46 Feudal Age
15:47 Castle Age
14:20 Double-Bit Axe
15:46 Horse Collar
26:19 Forging
27:45 Wheelbarrow
27:45 Wheelbarrow
28:11 Scale Barding Armor
30:33 Bloodlines
31:35 Husbandry
33:24 Chain Barding Armor
Connection lost

Rejoining the realm…

Still unreachable

The connection could not be restored.

Session expired

The server has moved on; the page needs a fresh start.